Map: Kairos Junction LE

Players

ZipperTheFly

  • Race: Terran Terran
  • Spawn Location: 5:00

GogojOey - Winner!

  • Race: Zerg Zerg
  • Spawn Location: 11:00

Event: 2019 WCS Spring

VOD

Have the link to the VOD?

Description

Time

  • Played on: May 17, 2019, 11:56 a.m.
  • Length: 9:21

All games in this series

Show
View Real Time Build Order
Export as new Build Order

ZipperTheFly Terran 

Build Orders: Reaper Expand 

Get SALT Encoding   

  12  0:00  SCV  
  13  0:13  SCV  
  14  0:17  Supply Depot  
  14  0:25  SCV  
  15  0:38  SCV  
  15  0:40  Barracks  
  16  0:44  Refinery  
  16  0:50  SCV  
  17  1:02  SCV  
  18  1:14  SCV  
  19  1:28  Reaper, Orbital Command  
  20  1:43  Command Center  
  20  1:54  SCV  
  21  2:00  Marine  
  21  2:01  Supply Depot  
  22  2:06  SCV  
  23  2:10  Factory  
  23  2:17  Refinery  
  23  2:21  Barracks Reactor  
  23  2:22  SCV  
  23  2:34  SCV  
  24  2:47  SCV  
  25  2:55  Starport  
  25  2:57  Marine  
  25  2:58  Orbital Command, Marine  
  27  3:00  SCV, Factory Tech Lab  
  28  3:09  Bunker  
  28  3:16  SCV  
  28  3:18  Siege Tank, Marine  
  33  3:20  Marine  
  33  3:24  SCV  
  35  3:31  Supply Depot  
  35  3:36  Marine  
  35  3:38  Marine  
  35  3:43  SCV x2  
  37  3:48  Viking  
  37  3:55  SCV x2  
  41  4:07  SCV x2  
  43  4:12  Stimpack  
  43  4:13  Barracks, Factory Tech Lab  
  43  4:19  SCV x2  
  42  4:28  Starport Reactor  
  42  4:29  Barracks  
  42  4:31  SCV x2  
  44  4:40  Siege Tank  
  44  4:43  SCV x2  
  44  4:45  Engineering Bay  
  48  4:54  Marine  
  48  4:55  SCV  
  48  4:56  SCV  
  48  4:57  Refinery  
  51  5:01  Supply Depot  
  51  5:04  Supply Depot  
  51  5:08  SCV x2  
  51  5:09  Marine  
  51  5:12  Terran Infantry Weapons Level 1, Starport Reactor  
  54  5:22  SCV x2, Siege Tank, Marine  
  54  5:24  Marine x2  
  54  5:26  Marine  
  54  5:27  Marine  
  64  5:37  Barracks  
  64  5:39  Barracks  
  64  5:43  Supply Depot  
  64  5:44  Marine x3  
  64  5:45  Marine x2  
  69  5:58  Supply Depot  
  69  6:04  Medivac x2, Siege Tank  
  69  6:05  Marine x2  
  69  6:06  Supply Depot  
  78  6:19  Marine x2  
  78  6:20  SCV x2, Supply Depot, Marauder  
  78  6:23  Marine x2  
  86  6:26  Barracks Tech Lab  
  86  6:28  Barracks Tech Lab  
  86  6:31  Combat Shield  
  86  6:33  Supply Depot  
  86  6:36  Supply Depot  
  86  6:37  Siege Tank, Marine x2  
  91  6:41  Marine  
  92  6:48  Marauder  
  92  6:49  Marauder x2, Marine  
  92  6:54  Supply Depot  
  99  6:55  Marine x2  
  99  6:56  Supply Depot  
  96  7:10  Marauder  
  94  7:16  Marauder x2  
  94  7:19  Medivac x2  
  94  7:20  SCV  
  99  7:29  Marine x3  
  102  7:31  Marauder, Marine  
  104  7:38  Marauder x2  
  90  7:47  Marine x3  
  86  7:53  Marauder  
  86  7:55  Command Center  
  88  7:59  Marauder  
  88  8:00  Marauder  
  88  8:01  Marine, Refinery  
  88  8:04  Marine  
  94  8:10  Marine x2  
  96  8:14  Marauder  
  98  8:21  SCV  
  98  8:25  Marauder, Marine x2  
  98  8:26  Siege Tank  
  103  8:29  Marine  
  103  8:30  Marauder, Marine  
  94  8:35  Marine  
  95  8:42  Marine  
  95  8:44  Marine  
  95  8:47  Marauder, Marine  
  100  8:49  Engineering Bay  
  100  8:50  Armory, SCV  
  100  8:53  Factory  
  102  9:07  SCV  
Show
View Real Time Build Order
Export as new Build Order

GogojOey Zerg - Winner!

Build Orders: Pool First 

Get SALT Encoding   

  12  0:00  Drone  
  13  0:12  Overlord  
  13  0:16  Drone  
  14  0:30  Drone  
  14  0:31  Drone  
  14  0:34  Drone  
  17  0:48  Spawning Pool, Drone  
  17  1:08  Hatchery  
  17  1:11  Drone  
  17  1:25  Extractor, Drone  
  17  1:34  Zergling x4  
  17  1:35  Queen  
  17  1:39  Overlord  
  21  1:50  Drone  
  22  2:01  Roach Warren, Drone  
  22  2:11  Drone  
  22  2:14  Queen  
  25  2:20  Queen  
  27  2:26  Drone  
  28  2:33  Overlord  
  28  2:42  Roach x2  
  32  2:45  Roach  
  32  2:50  Roach  
  36  2:53  Drone  
  36  2:56  Drone  
  38  2:59  Drone  
  39  3:06  Drone x2  
  41  3:16  Overlord, Drone  
  41  3:17  Drone  
  43  3:24  Drone  
  44  3:31  Overlord  
  44  3:37  Drone x2  
  44  3:41  Drone x4  
  49  3:43  Ravager x2  
  52  3:49  Ravager  
  52  3:52  Drone  
  52  3:53  Drone x2  
  56  4:01  Overlord  
  56  4:03  Overlord  
  56  4:10  Hatchery  
  55  4:18  Drone x2  
  55  4:23  Overlord  
  57  4:26  Drone x2  
  57  4:31  Drone x3  
  61  4:39  Drone x2  
  61  4:41  Drone x2  
  61  4:42  Overlord  
  65  4:48  Metabolic Boost, Overlord  
  65  4:50  Drone x2  
  65  4:51  Queen  
  69  4:53  Extractor  
  69  4:54  Extractor  
  69  4:58  Overlord  
  67  5:05  Lair  
  67  5:06  Drone  
  68  5:09  Spore Crawler  
  68  5:13  Roach  
  69  5:14  Extractor  
  69  5:19  Drone x2  
  69  5:20  Spore Crawler, Evolution Chamber  
  68  5:22  Drone  
  68  5:23  Evolution Chamber, Queen  
  68  5:24  Drone x2  
  68  5:25  Drone x2  
  68  5:27  Drone  
  75  5:39  Overlord  
  75  5:40  Drone x3  
  75  5:41  Drone  
  80  5:42  Drone  
  80  5:45  Roach  
  80  5:46  Roach  
  80  5:47  Ravager  
  80  5:49  Drone x2  
  88  5:50  Drone  
  88  5:56  Zerg Ground Armor Level 1  
  88  6:00  Overlord x2  
  88  6:03  Zerg Missile Weapons Level 1  
  88  6:05  Drone x2  
  90  6:11  Drone x3  
  90  6:12  Drone x2  
  90  6:16  Roach, Extractor  
  90  6:17  Glial Reconstitution  
  96  6:21  Roach x2  
  96  6:24  Roach x2  
  103  6:29  Roach x2  
  107  6:36  Roach x3  
  113  6:43  Overlord x2  
  113  6:44  Overseer  
  113  6:47  Overlord  
  113  6:51  Overlord  
  113  6:54  Overlord  
  113  6:59  Overlord x2  
  113  7:05  Roach x8  
  129  7:09  Roach  
  129  7:10  Overlord  
  121  7:18  Roach x5  
  121  7:21  Ravager x2  
  127  7:25  Roach, Zergling x4  
  127  7:26  Roach x2  
  135  7:31  Roach  
  135  7:35  Roach x2, Zergling x4  
  127  7:46  Roach x3, Zergling x4  
  127  7:50  Roach  
  131  7:52  Ravager  
  131  7:53  Roach x2, Zergling x4  
  131  7:54  Roach  
  131  7:56  Extractor  
  139  8:01  Roach, Zergling x2  
  139  8:02  Roach, Zergling x2  
  139  8:04  Drone x2  
  147  8:10  Zergling x6  
  150  8:13  Hatchery, Overseer  
  150  8:15  Drone x3  
  150  8:24  Roach x2, Zergling x4  
  152  8:33  Roach x3, Zergling x4  
  150  8:40  Ravager x2  
  146  8:41  Zergling x2  
  146  8:42  Zergling x10  
  152  8:52  Ravager  
  152  8:53  Roach x3, Zergling x6  
Tags
 
Add a new tag
Caveats
  • Supply blocks, unpowered buildings, or Contaminate may cause inaccurate times.
  • Supply counts are checked every 10 seconds.